 Dungeon Crawl Stone Soup version 0.21-a0-270-g8204059 (webtiles) character file.

837901 Lavandula the Slayer (level 27, -2/252 (255) HPs)
             Began as a Ghoul Warper on Sept 12, 2017.
             Was the Champion of Ashenzari.
             Slain by a vampire knight
             ... wielding a +2 great sword
             ... created by the effects of Hell
              (21 damage)
             ... while paralysed by a vampire knight
             ... on level 7 of Tartarus on Sept 14, 2017.
             The game lasted 09:18:43 (60034 turns).

Lavandula the Slayer (Ghoul Warper)                Turns: 60034, Time: 09:18:44

HP:   -2/252 (255)  AC: 19    Str: 24    XL:     27
MP:   4/45          EV:  2    Int: 18    God:    Ashenzari [******]
Gold: 5365          SH:  0    Dex:  8    Spells: 8/65 levels left

rFire    . . .     SeeInvis +   J - +9 halberd of Nacief Iffi {chop, Str+2 Dex+3} (curse)
rCold    + + .     Gourm    .   (shield currently unavailable)
rNeg     + + +     Faith    .   H - +4 troll leather armour of Spring {Regen+ Int+4} (curse)
rPois    ∞         Spirit   .   v - +2 helmet (curse)
rElec    +         Reflect  +   K - scarf {cloud immunity} (curse)
rCorr    .         Harm     .   r - +2 pair of gloves {Str+3} (curse)
MR       +++..     Clarity  +   X - +2 pair of boots (curse)
Stlth    ++++++....             g - amulet "Xyhiuloa" {Reflect +Blink rElec Str-3 Dex-3 SH+4} (curse)
HPRegen  0.00/turn              e - ring of wizardry (curse)
MPRegen  0.29/turn              E - ring of Lugonu's Esteem {rC+ MR+}

@: paralysed, rotting, deflect missiles
A: rotting body, claws 1, carnivore 3, cold resistance 1, negative energy
resistance 3, inhibited regeneration, torment resistance, unbreathing
}: 11/15 runes: decaying, slimy, silver, golden, icy, demonic, glowing, magical,
fiery, dark, gossamer
a: Curse Item, Scrying, Transfer Knowledge, Renounce Religion, Evoke Blink


You were on level 7 of Tartarus.
You worshipped Ashenzari.
Ashenzari was exalted by your worship.
You were not hungry.

You visited 14 branches of the dungeon, and saw 68 of its levels.
You visited Pandemonium 4 times, and saw 27 of its levels.
You also visited: Sewer.

You collected 9180 gold pieces.
You spent 3815 gold pieces at shops.

Inventory:

Hand Weapons
 c - a +4 glaive of chopping
 F - a +2 demon trident of electrocution
 J - the cursed +9 halberd of Nacief Iffi (weapon) {chop, Str+2 Dex+3}
   (You found it on level 3 of the Swamp)

   It inflicts extra damage upon your enemies.
   It affects your strength (+2).
   It affects your dexterity (+3).
   It has a curse placed upon it.
Missiles
 d - 5 tomahawks of dispersal (quivered)
Armour
 r - a cursed +2 pair of gloves of strength (worn)
 v - a cursed +2 helmet (worn)
 H - the cursed +4 troll leather armour of Spring (worn) {Regen+ Int+4}
   (You found it on level 5 of the Pits of Slime)

   It affects your intelligence (+4).
   It increases your rate of regeneration.
   It has a curse placed upon it.
 K - a cursed scarf of cloud immunity (worn)
 Q - the cursed +1 ring mail of Segainn {rF+ rC+}
   (You found it on level 3 of the Depths)

   It protects you from fire.
   It protects you from cold.
   It has a curse placed upon it.
 X - a cursed +2 pair of boots (worn)
Jewellery
 a - an uncursed ring of resist corrosion
 e - a cursed ring of wizardry (left hand)
 g - the cursed amulet "Xyhiuloa" (around neck) {Reflect +Blink rElec Str-3 Dex-3 SH+4}
   (You took it off a balrug in Pandemonium)

   [amulet of reflection]

   It shields you and reflects attacks.
   It affects your strength (-3).
   It affects your dexterity (-3).
   It insulates you from electricity.
   It lets you blink.
   It affects your SH (+4).
   It has a curse placed upon it.
 u - the amulet "Finider" {Reflect rF+ MP+9 Dex+2 SH+5 SInv}
   (You found it on level 7 of Tartarus)

   [amulet of reflection]

   It shields you and reflects attacks.
   It affects your dexterity (+2).
   It protects you from fire.
   It affects your magic capacity (+9).
   It lets you see invisible.
   It affects your SH (+5).
 w - an uncursed ring of protection from fire
 z - the ring of Salvation {*Corrode rPois AC+5 Int+7 SInv}
   (You found it in Pandemonium)

   [ring of protection]

   It affects your AC (+5).
   It affects your intelligence (+7).
   It protects you from poison.
   It lets you see invisible.
   It may corrode you when you take damage.
 E - the ring of Lugonu's Esteem (right hand) {rC+ MR+}
   (You found it on level 7 of Tartarus)

   [ring of protection from magic]

   It protects you from cold.
   It affects your resistance to hostile enchantments.
 U - the ring of Xammeik {rC+ Int+3 Dex+4}
   (You found it on level 10 of the Dungeon)

   [ring of intelligence]

   It affects your intelligence (+3).
   It affects your dexterity (+4).
   It protects you from cold.
Wands
 n - a wand of confusion (6/48)
 L - a wand of digging (8/24)
 M - a wand of enslavement (12/24)
Scrolls
 h - a scroll of amnesia
 i - 5 scrolls of remove curse
 l - 4 scrolls of fog
 o - 2 scrolls of teleportation
 p - a scroll of summoning
 s - 16 scrolls of identify
 x - 2 scrolls of recharging
 I - a scroll of acquirement
 N - 3 scrolls of fear
 S - 4 scrolls of magic mapping
Potions
 k - 5 potions of curing
 m - 2 potions of agility
 q - 2 potions of brilliance
 A - 4 potions of heal wounds
 C - a potion of flight
 G - a potion of haste
 V - 4 potions of invisibility
 W - 4 potions of might
Books
 t - a book of the Warp

   Spells                             Type                      Level
   a - Gell's Gravitas                Translocation                3
   b - Portal Projectile              Hexes/Translocation          3
   c - Force Lance                    Conjuration/Translocation    4
   d - Dispersal                      Translocation                6
   e - Controlled Blink               Translocation                8
   f - Disjunction                    Translocation                8
 y - a book of Dreams

   Spells                             Type                      Level
   a - Ensorcelled Hibernation        Hexes/Ice                    2
   b - Silence                        Hexes/Air                    5
   c - Darkness                       Hexes                        6
   d - Shadow Creatures               Summoning                    6
Miscellaneous
 b - a lamp of fire
 j - 3 sacks of spiders
 B - a figurine of a ziggurat
 O - a phantom mirror
 P - the horn of Geryon
 R - a fan of gales
 T - a lightning rod (4/4)
 Y - a crystal ball of energy
 Z - a box of beasts
Comestibles
 f - 3 meat rations


   Skills:
 - Level 22.3 Fighting
 - Level 11.2(16.7) Polearms
 - Level 0.8 Throwing
 - Level 8.0 Armour
 - Level 12.7(16.8) Dodging
 - Level 11.7(15.9) Stealth
   Level 4.7 Shields
 + Level 19.9 Spellcasting
 - Level 14.8(17.4) Conjurations
 - Level 1.9(4.1) Hexes
 - Level 3.6(6.3) Charms
 - Level 11.0(13.8) Summonings
 - Level 4.8(7.8) Necromancy
 - Level 18.0(20.3) Translocations
   Level 5.0(8.0) Fire Magic
 - Level 6.0(9.1) Air Magic
 - Level 8.8(11.7) Earth Magic
   Level 2.0(4.3) Poison Magic
 - Level 5.5(8.6) Evocations


You had 8 spell levels left.
You knew the following spells:

 Your Spells              Type           Power        Failure   Level  Hunger
a - Blink                 Tloc           N/A          0%          2    None
b - Shroud of Golubria    Chrm/Tloc      ######....   0%          2    None
c - Lehudib's Crystal Sp  Conj/Erth      ######....   21%         8    #######
d - Passage of Golubria   Tloc           N/A          0%          4    None
e - Controlled Blink      Tloc           N/A          1%          8    #######
f - Malign Gateway        Summ/Tloc      ######....   1%          7    ######.
g - Apportation           Tloc           ######       0%          1    None
h - Spellforged Servitor  Conj/Summ      ######....   1%          7    ######.
i - Control Undead        Necr           #####.....   1%          4    None
j - Animate Skeleton      Necr           N/A          1%          1    None
k - Spectral Weapon       Hex/Chrm       #####...     1%          3    None
l - Regeneration          Chrm/Necr      #####.....   1%          3    None
m - Deflect Missiles      Chrm/Air       #####.....   9%          6    ####...
n - Summon Butterflies    Summ           ######..     0%          1    None


Dungeon Overview and Level Annotations

Branches:
Dungeon (15/15)            Temple (1/1) D:5            Lair (6/6) D:10
  Swamp (4/4) Lair:3       Spider (4/4) Lair:4        Slime (5/5) Lair:6
    Orc (2/2) D:9             Elf (0/3) Orc:2        Vaults (5/5) D:13
  Crypt (3/3) Vaults:2       Tomb (3/3) Crypt:3      Depths (5/5) D:15
   Hell (1/1)                 Coc (7/7) Hell            Tar (7/7) Hell
    Dis: Hell:1         Geh: Hell:1         Zot: Depths:5

Altars:
Ashenzari
Dithmenos
Elyvilon
Fedhas
Gozag
Hepliaklqana
Kikubaaqudgha
Makhleb
Nemelex Xobeh
Ru
Uskayaw
Vehumet
Xom
Yredelemnul
The Shining One
Beogh
Jiyva
Lugonu

Shops:
D:9 =   D:13 }(   Orc:1 [   Orc:2 *=%}   Vaults:2 (:   Vaults:5 %   Depths:1 :
Depths:3 %

Portals:
Hell: Depths:1 Depths:2 Depths:3 Depths:4 Depths:5
Abyss: Depths:4
Pandemonium: Depths:2 Depths:3
Ziggurat: Depths:3
Trove: D:12 (give 2 scrolls of acquirement)

Annotations:
D:7 exclusion: killer bee
D:9 exclusion: 3 doors
D:10 WhatIsLove's ghost, journeyman DEFE
Swamp:3 exclusion: downstairs
Swamp:4 Lernaean hydra
Spider:4 dricus's ghost, adept DsBe
Depths:1 17 runed doors
Coc:7 Antaeus
Tar:7 Ereshkigal; Serpent of Hell


Innate Abilities, Weirdness & Mutations

Your body is rotting away.
You thrive on raw meat.
You are immune to poison.
You have sharp fingernails.
You are carnivorous and can eat meat at any time.
Your flesh is cold resistant. (rC+)
You are immune to negative energy. (rN+++)
You do not regenerate when monsters are visible.
You are immune to unholy pain and torment.
You can survive without breathing.


Message History

The reaper hits you from afar with a scythe of distortion!!
* * * LOW HITPOINT WARNING * * *
Space bends around you.
* * * LOW HITPOINT WARNING * * *
The phantasmal warrior blinks!
The skeletal warrior hits you with a mace!
* * * LOW HITPOINT WARNING * * *
The vampire knight hits you but does no damage.
The vampire knight bites you but does no damage.
The reaper hits you from afar with a scythe of protection!
* * * LOW HITPOINT WARNING * * *
The reaper barely misses you.
The skeletal warrior hits you but does no damage.
The vampire knight hits you with an enchanted great sword!
* * * LOW HITPOINT WARNING * * *
The vampire knight bites you but does no damage.
The skeletal warrior hits you with a mace.
* * * LOW HITPOINT WARNING * * *
The vampire knight hits you with an enchanted great sword!!
You die...

..##.............................
..##...§.............#########'##
######.Z#.........#..#,,,,,,,,..,
####.................#,*,*,*,*,*,
.....................#,,,,,,,,,,,
.....................#*,*,*,*,*,*
####.................#,,,,,,,,,,,
***###..#.....W...#..#.#.#.#.#V#.
{{*#..........zz@....#...........
ZZ##...........Vz....########Z#.#
####...........22....#:[$$$#....#
####.................#}#$#$#.#.##
|=##....#.........#..#)[$$.'....'
5)##.................############
####.............................
####..............)[.............
..............))..))..z..........


You could see 2 reapers, a vampire knight (invisible), 3 skeletal warriors and a
phantasmal warrior.

Vanquished Creatures
  Mnoleg (Pan)
  Mennas (Pan)
  2 ancient liches
  14 greater mummies
  Boris (twice) (Crypt:1 Depths:4)
  A shard shrike (Slime:5)
  Saint Roka (Orc:1)
  Bai Suzhen (Depths:2)
  A bone dragon (Crypt:3)
  A pearl dragon (Pan)
  A Tzitzimitl (Tar:7)
  A doom hound (Tar:1)
  3 liches
  2 tentacled monstrosities
  An Ice Fiend (Pan)
  4 titans (Vaults:5)
  2 quicksilver dragons
  21 acid blobs
  7 Executioners (Pan)
  3 sphinxes
  A thorn hunter (Swamp:3)
  Kirke (Spider:4)
  4 ancient champions
  3 tengu reavers
  5 shadow dragons
  10 azure jellies
  4 revenants
  A daeva (Pan)
  2 emperor scorpions (Spider:4)
  2 fire giants
  4 deep elf sorcerers
  4 frost giants
  19 balrugs
  3 ghouls
  A warmonger (Pan)
  7 cacodemons (Pan)
  9 vault wardens
  4 angels (Pan)
  3 ghost moths
  2 curse skulls
  10 reapers
  14 ironheart preservers
  A caustic shrike skeleton (Depths:3)
  6 very ugly things
  3 entropy weavers
  6 vampire knights
  A war gargoyle (Depths:4)
  5 ophanim (Pan)
  10 stone giants
  6 lorocyprocas
  5 apis (Pan)
  Nessos (Lair:6)
  A black sun (Pan)
  A deep elf demonologist (Vaults:5)
  2 bennus (Tomb:3)
  3 deep elf annihilators
  An eidolon (Crypt:2)
  3 blizzard demons
  6 spark wasps
  12 jiangshi
  8 death oozes
  A crystal guardian (Depths:4)
  6 mummy priests
  6 green deaths
  7 ettins
  6 deep elf death magi
  12 yaktaur captains
  5 fire dragons
  9 great orbs of eyes
  2 quicksilver dragon zombies
  Fannar (Orc:1)
  25 vault guards (Vaults:5)
  2 rakshasas
  4 monstrous demonspawn (Pan)
  5 ice dragons
  A catoblepas (D:14)
  14 hydras
  4 ghost crabs
  A hell beast (Depths:3)
  9 centaur warriors
  7 death knights
  4 hell hogs
  8 alligators
  25 two-headed ogres
  5 ogre magi
  2 dancing weapons
  3 death yaks (D:10)
  2 tengu warriors
  19 death scarabs
  6 vampire magi
  A spriggan berserker (Depths:3)
  3 orc high priests (Orc:2)
  2 deep troll shamans
  16 soul eaters
  A storm dragon zombie (Tar:7)
  Sonja (D:11)
  5 sixfirhies (Pan)
  39 sun demons
  13 hell knights
  A spectral emperor scorpion (Spider:4)
  7 deep elf knights
  A titan skeleton (Tar:1)
  8 shadow wraiths
  53 skeletal warriors
  2 iron trolls
  2 shadow demons
  A death drake (Depths:5)
  9 flayed ghosts
  A storm dragon skeleton (Tomb:2)
  3 anaconda zombies
  2 spriggan druids
  3 gelid demonspawn (Pan)
  A glowing orange brain (Depths:5)
  2 torturous demonspawn (Pan)
  5 deep trolls
  4 cherubim (Pan)
  2 infernal demonspawn (Pan)
  9 ironbrand convokers
  12 swamp dragons
  A lindwurm (shapeshifter) (Depths:3)
  4 shambling mangroves
  2 lindwurms (Depths:5)
  9 deep elf archers
  10 phantasmal warriors
  2 wolf spider zombies (Spider:4)
  11 orc knights
  A golden dragon skeleton (Tar:7)
  5 necromancers
  17 wolf spiders
  4 spectral wolf spiders (Spider:4)
  5 orb spiders
  A shadow dragon skeleton (Tar:7)
  4 stone giant zombies
  44 ugly things
  4 shining eyes
  8 orc sorcerers
  5 cyclopes
  23 deep elf magi
  An iron dragon zombie (Crypt:3)
  3 moths of wrath (Spider:4)
  A manticore (D:13)
  A manticore (shapeshifter) (Depths:3)
  A black mamba (Lair:6)
  Maurice (D:13)
  7 vault sentinels
  A frost giant skeleton (Crypt:2)
  6 elephants (Lair:6)
  5 gargoyles
  A stone giant skeleton (Tar:5)
  2 smoke demons (Pan)
  27 spiny frogs
  An ice statue (Hell)
  22 orange demons
  2 fire giant skeletons
  A black mamba (shapeshifter) (Vaults:1)
  2 centaur skeletons (D:13)
  A shock serpent skeleton (Pan)
  3 eyes of devastation
  A molten gargoyle (Depths:3)
  A torpor snail (Spider:4)
  3 rime drakes
  A yellow draconian zombie (Hell)
  5 komodo dragons
  2 redback zombies (Spider:4)
  6 ice devils
  5 spectral redbacks (Spider:4)
  A spriggan skeleton (Depths:3)
  8 tormentors
  6 hellions
  A sea snake zombie (Crypt:2)
  10 efreet
  A dire elephant skeleton (Coc:7)
  30 yaktaurs
  5 hellwings
  14 freezing wraiths
  12 demonic crawlers
  2 silent spectres (Tar:7)
  A tengu conjurer (Depths:4)
  27 jumping spiders
  7 trolls
  25 red devils
  29 guardian mummies
  7 tyrant leeches
  2 hydra zombies
  A wind drake (shapeshifter) (D:15)
  A minotaur zombie (Tar:6)
  4 hydra skeletons
  2 polar bears
  12 hornets
  A queen bee (shapeshifter) (Depths:2)
  A spectral tarantella (Spider:4)
  3 spectral jumping spiders (Spider:4)
  An alligator zombie (Tar:5)
  60 slime creatures
  A wind drake (Depths:5)
  A tarantella zombie (Spider:4)
  23 blink frogs
  2 ettin zombies
  An ice dragon zombie (Tar:4)
  A hippogriff (shapeshifter) (Depths:1)
  A jumping spider zombie (Spider:4)
  9 hippogriffs
  10 bog bodies
  4 dream sheep
  An ettin skeleton (Pan)
  73 flying skulls
  2 fire dragon skeletons (Crypt:2)
  A shock serpent simulacrum (Crypt:3)
  A fire giant simulacrum (Coc:7)
  2 air elementals (Depths:4)
  A black mamba zombie (Tomb:3)
  7 spriggans
  50 redbacks
  25 tarantellas
  6 wyverns
  A vampire (D:13)
  17 ynoxinuls
  2 ice dragon skeletons
  5 water elementals
  5 hogs (Spider:4)
  9 wraiths
  30 shadows
  26 yaks
  An alligator skeleton (Tar:7)
  3 fire elementals
  A tarantella (shapeshifter) (Vaults:1)
  A basilisk (Lair:1)
  3 chaos spawn
  11 neqoxecs
  A yak (shapeshifter) (D:12)
  11 large abominations
  7 vampire mosquitoes
  A torturous demonspawn zombie (Crypt:1)
  4 hungry ghosts
  Edmund (D:6)
  7 wargs
  Menkaure (D:6)
  6 insubstantial wisps
  19 swamp worms
  A soldier ant (D:14)
  An acid dragon (shapeshifter) (Vaults:5)
  A hell hound (Tar:1)
  10 water moccasins
  An orb spider zombie (Crypt:1)
  A soldier ant (shapeshifter) (Vaults:2)
  3 acid dragons
  A hydra simulacrum (Hell)
  7 porcupines
  A floating eye (Slime:5)
  A black bear (D:8)
  A spiny frog zombie (Coc:2)
  14 swamp drakes
  3 ice beasts
  24 orc warriors
  2 spectral hornets (Spider:4)
  A hornet zombie (Spider:4)
  5 eyes of draining
  3 sky beasts (D:13)
  A manticore zombie (Crypt:2)
  9 necrophages
  6 phantoms
  3 wolves (Lair:5)
  37 ogres
  6 boggarts (Depths:3)
  16 centaurs
  A swamp dragon skeleton (Crypt:2)
  5 crocodiles
  A hog skeleton (Crypt:1)
  Blork the orc (D:6)
  6 big kobolds
  12 small abominations
  2 earth elementals (Depths:4)
  A gnoll sergeant (Orc:1)
  33 bullfrogs
  A spiny frog simulacrum (Coc:7)
  A wyvern zombie (D:13)
  A water moccasin zombie (Crypt:1)
  A scorpion (D:8)
  A troll skeleton (Crypt:2)
  A killer bee (D:8)
  8 wights
  2 electric eels
  3 howler monkeys
  A howler monkey (shapeshifter) (Depths:3)
  3 crimson imps
  A quasit (D:9)
  5 hounds
  3 jellies
  A bullfrog zombie (D:6)
  17 orc priests
  6 bullfrog skeletons
  19 orc wizards
  3 centaur zombies
  2 iguanas
  6 hell rats
  7 worker ants
  A hound skeleton (D:5)
  A hound zombie (D:6)
  41 mummies
  Robin (D:4)
  4 gnolls (D:3)
  A howler monkey skeleton (Crypt:1)
  13 adders
  4 river rats
  4 shadow imps
  3 white imps
  5 oozes
  An ooze (shapeshifter) (Depths:2)
  A halfling zombie (Crypt:1)
  An adder skeleton (D:4)
  6 worms
  2 dart slugs
  10 leopard geckos
  56 orcs
  6 bats
  4 giant cockroaches
  7 hobgoblins
  4 jackals (D:3)
  9 quokkas
  5 ball pythons
  6 frilled lizards
  13 goblins
  A goblin skeleton (Crypt:1)
  A jackal zombie (D:5)
  9 kobolds
  A kobold skeleton (Tar:7)
  A kobold zombie (Crypt:2)
  A quokka skeleton (D:4)
  6 rats
  A crawling corpse (Vaults:5)
  A fungus (Lair:5)
  A plant (Lair:6)
2162 creatures vanquished.

Vanquished Creatures (collateral kills)
  Khufu (Crypt:3)
  2 ancient liches
  21 greater mummies
  Sojobo (Vaults:4)
  2 shard shrikes (Coc:7)
  The ghost of loom the Sorcerer, an adept DrFE of Vehumet (Vaults:4)
  A profane servitor (Crypt:3)
  The ghost of yrara the Shatterer, a veteran GrFi of Okawaru (Vaults:5)
  Geryon (Hell)
  Nikola (Depths:2)
  3 bone dragons
  2 Brimstone Fiends (Pan)
  4 doom hounds
  A hellephant (Hell)
  18 Tzitzimimeh
  A tentacled monstrosity (Hell)
  2 liches
  3 Ice Fiends
  9 acid blobs
  7 Executioners (Pan)
  An eldritch tentacle (Coc:7)
  8 sphinxes (Tomb:1)
  10 ancient champions
  9 shadow dragons
  A fire giant (Depths:1)
  2 tengu reavers (Vaults:4)
  A revenant (Tomb:3)
  An azure jelly (Slime:3)
  A blood saint (Pan)
  2 vault wardens (Vaults:5)
  11 balrugs
  3 frost giants
  7 angels (Pan)
  The ghost of Chiseanne the Blocker, a journeyman DsWn of Gozag (D:15)
  3 cacodemons
  A warmonger (Pan)
  4 war gargoyles
  3 ghouls (Tar:7)
  An elemental wellspring (Coc:7)
  A curse skull (Pan)
  5 stone giants
  A juggernaut skeleton (Depths:3)
  An ironheart preserver (Vaults:5)
  15 reapers
  A deep elf demonologist (Vaults:5)
  2 apis (Pan)
  12 bennus
  3 black suns (Pan)
  2 spark wasps
  A deep elf annihilator (Vaults:5)
  A purple draconian (Depths:5)
  12 mummy priests
  A crystal guardian (Depths:4)
  2 deep elf death magi (Vaults:5)
  3 blizzard demons
  4 ettins
  A deep elf high priest (Vaults:5)
  2 green deaths (Pan)
  2 yaktaur captains (Vaults:5)
  2 fire dragons (Depths:3)
  2 jiangshi (Crypt:3)
  2 rakshasas (Depths:1)
  3 great orbs of eyes
  A quicksilver dragon skeleton (Tar:7)
  8 ice dragons
  A ghost crab (Tar:7)
  4 vault guards (Vaults:5)
  2 hell beasts (Pan)
  5 monstrous demonspawn (Pan)
  A two-headed ogre (Depths:3)
  A dancing weapon (Depths:4)
  A deep troll shaman (Depths:5)
  2 ogre magi
  2 vampire magi (Tar:7)
  12 death scarabs
  4 hell hogs
  A titan zombie (Coc:7)
  A spriggan berserker (Depths:3)
  24 sun demons
  A storm dragon zombie (Coc:7)
  An iron troll (shapeshifter) (Tar:7)
  2 shadow wraiths
  13 soul eaters
  4 sixfirhies (Pan)
  36 skeletal warriors
  3 flayed ghosts
  3 deep trolls
  10 hell knights
  6 cherubim (Pan)
  4 shadow demons (Tar:7)
  2 wizards
  2 gelid demonspawn (Pan)
  A death drake (Tar:7)
  3 infernal demonspawn (Pan)
  A shadow dragon zombie (Tar:1)
  7 phantasmal warriors
  2 anaconda skeletons
  A necromancer (Hell)
  An ironbrand convoker (Vaults:5)
  An orc knight (Vaults:4)
  A lindwurm (Depths:5)
  2 frost giant zombies
  6 large abominations (Pan)
  5 ugly things
  2 shining eyes
  A shadow dragon skeleton (Coc:7)
  4 deep elf magi
  An iron dragon skeleton (Tar:7)
  A fire giant skeleton (Coc:7)
  5 smoke demons
  A dire elephant zombie (Tar:7)
  A frost giant skeleton (Tomb:3)
  A rust devil (Depths:3)
  An eye of devastation (Slime:3)
  3 vault sentinels
  6 orange demons (Pan)
  A hellion (Tar:7)
  5 yaktaurs
  A komodo dragon (shapeshifter) (Vaults:5)
  3 demonic crawlers (Pan)
  2 hellwings (Pan)
  10 ice devils
  7 freezing wraiths
  6 efreet (Pan)
  14 red devils
  24 guardian mummies
  A silent spectre (Tar:7)
  A hydra zombie (Tar:7)
  A troll (Vaults:3)
  A harpy zombie (Hell)
  5 tormentors
  A hornet (Depths:3)
  A minotaur skeleton (Tar:7)
  8 slime creatures
  An ice dragon zombie (Coc:7)
  A stone giant simulacrum (Tar:3)
  3 ettin zombies
  2 bog bodies (Coc:7)
  An air elemental (Depths:4)
  An ettin skeleton (Coc:7)
  A redback (Spider:4)
  A tarantella (Vaults:4)
  An alligator skeleton (Coc:7)
  10 shadows
  19 flying skulls
  2 wraiths (Crypt:3)
  2 ushabtiu
  3 ynoxinuls (Pan)
  4 water elementals
  2 golden eyes (Slime:4)
  3 fire elementals
  2 elf zombies (Depths:3)
  5 neqoxecs (Pan)
  3 chaos spawn
  A vampire mosquito (D:14)
  6 hell hounds
  2 spiny frog zombies (Hell)
  2 orc warriors
  3 swamp drakes (Depths:5)
  An eye of draining (Slime:4)
  5 necrophages
  An ogre (Vaults:5)
  2 boggarts (Depths:3)
  2 snapping turtle skeletons
  A wight (Tar:7)
  4 crimson imps
  An orc priest (Vaults:4)
  2 hell rats (Hell)
  10 mummies
  3 shadow imps
  2 white imps (Coc:7)
  6 orcs
661 creatures vanquished.

Vanquished Creatures (others)
  A titan (Pan)
  62 eldritch tentacles
  A green death (Pan)
  A blizzard demon (Pan)
  A rakshasa (Pan)
  A spriggan air mage (Pan)
  29 death scarabs (Tomb:2)
  A titan zombie (Tomb:2)
  A spriggan (Swamp:4)
  A lindwurm (Depths:5)
  2 wizards (Pan)
  3 orange demons (Pan)
  2 smoke demons (Pan)
  A guardian mummy (Tomb:2)
  2 wind drakes (Pan)
  A blink frog (Lair:5)
  A hornet (Swamp:4)
  A flying skull (Tar:7)
  A wraith (Coc:7)
  A boggart (Depths:3)
  An elf skeleton (Tar:4)
  A crimson imp (Pan)
  A hell rat (Hell)
  A mummy (Tomb:2)
  4 ball lightnings (Pan)
  2 fire vortices (Pan)
  7 fungi
  42 plants
  118 spectral weapons
291 creatures vanquished.

Grand Total: 3114 creatures vanquished

Notes
Turn   | Place    | Note
-------+----------+-------------------------------------------
     0 | D:1      | Lavandula the Ghoul Warper began the quest for the Orb.
     0 | D:1      | Reached XP level 1. HP: 17/17 MP: 2/2
    39 | D:1      | Reached XP level 2. HP: 7/24 MP: 3/3
   132 | D:2      | Reached XP level 3. HP: 22/28 MP: 4/4
   140 | D:2      | Learned a level 2 spell: Blink
   143 | D:2      | Learned a level 2 spell: Shroud of Golubria
   351 | D:3      | Found a glowing drain.
   359 | D:3      | Reached XP level 4. HP: 31/36 MP: 5/5
   382 | Sewer    | Entered a sewer
   397 | Sewer    | Noticed a big kobold
   420 | Sewer    | Killed a big kobold
   420 | Sewer    | Reached skill level 5 in Unarmed Combat
   420 | Sewer    | Reached XP level 5. HP: 33/41 MP: 2/6
   583 | Sewer    | Noticed a big kobold
   597 | Sewer    | Killed a big kobold
   685 | Sewer    | Reached XP level 6. HP: 37/46 MP: 4/7
   895 | Sewer    | Reached skill level 5 in Stealth
  1046 | D:3      | Learned a level 3 spell: Mephitic Cloud
  1187 | D:4      | Found a shadowy altar of Dithmenos.
  1187 | D:4      | Noticed an orc warrior
  1206 | D:4      | Reached skill level 1 in Air Magic
  1206 | D:4      | Reached XP level 7. HP: 55/55 MP: 8/8
  1383 | D:3      | Found a glowing golden altar of the Shining One.
  1597 | D:4      | Reached skill level 1 in Polearms
  1608 | D:4      | Found a sparkling altar of Nemelex Xobeh.
  1694 | D:4      | Noticed Robin
  1707 | D:4      | Killed Robin
  1795 | D:4      | Found a shimmering altar of Xom.
  2061 | D:5      | Entered Level 5 of the Dungeon
  2179 | D:5      | Found a burning altar of Makhleb.
  2269 | D:5      | Reached XP level 8. HP: 60/62 MP: 2/9
  2505 | D:5      | Found a staircase to the Ecumenical Temple.
  2510 | Temple   | Entered the Ecumenical Temple
  2536 | Temple   | Became a worshipper of Ashenzari the Shackled
  2628 | D:5      | Reached skill level 1 in Shields
  2721 | D:6      | Found a blossoming altar of Fedhas.
  2723 | D:6      | Found an ancient bone altar of Kikubaaqudgha.
  2752 | D:6      | Reached skill level 5 in Polearms
  2792 | D:6      | Noticed Edmund
  2827 | D:6      | Killed Edmund
  3122 | D:6      | Found a sacrificial altar of Ru.
  3137 | D:6      | Reached * piety under Ashenzari
  3201 | D:6      | Noticed Menkaure
  3238 | D:6      | Noticed Blork the orc
  3256 | D:6      | Killed Blork the orc
  3256 | D:6      | Reached XP level 9. HP: 38/65 MP: 0/10
  3322 | D:6      | Killed Menkaure
  3579 | D:7      | Learned a level 4 spell: Passage of Golubria
  3905 | D:8      | Noticed a two-headed ogre
  3928 | D:8      | Killed a two-headed ogre
  3928 | D:8      | Reached XP level 10. HP: 49/74 MP: 1/11
  3952 | D:8      | Found a hazy altar of Hepliaklqana.
  4126 | D:8      | Reached skill level 10 in Polearms
  4341 | D:8      | Found a corrupted altar of Lugonu.
  4342 | D:8      | Found the +27 Lear's hauberk
  4412 | D:8      | Noticed a two-headed ogre
  4431 | D:8      | Killed a two-headed ogre
  4444 | D:8      | Reached ** piety under Ashenzari
  4601 | D:9      | Found a hide-covered altar of Uskayaw.
  4628 | D:9      | Found Fynli's Jewellery Shoppe.
  4790 | D:9      | Found a staircase to the Orcish Mines.
  4838 | D:9      | Found a roughly hewn altar of Beogh.
  4875 | D:9      | Reached skill level 3 in Fighting
  4930 | Orc:1    | Entered Level 1 of the Orcish Mines
  5020 | D:9      | Bought an uncursed amulet of guardian spirit for 420 gold pieces
  5293 | Orc:2    | Entered Level 2 of the Orcish Mines
  5293 | Orc:2    | Noticed Saint Roka
  5293 | Orc:2    | Noticed an orc sorcerer
  5437 | Orc:1    | Found Kaewatel's Armour Shop.
  5445 | Orc:1    | Bought a scarf of cloud immunity for 91 gold pieces
  5494 | Orc:1    | Noticed a two-headed ogre
  5566 | Orc:1    | Noticed an orc sorcerer
  5596 | Orc:1    | Killed an orc sorcerer
  5612 | Orc:1    | Killed a two-headed ogre
  5612 | Orc:1    | Reached XP level 11. HP: 60/80 MP: 2/16
  5617 | Orc:1    | Learned a level 3 spell: Conjure Flame
  5720 | Orc:1    | Noticed an orc knight
  5722 | Orc:1    | Reached skill level 5 in Spellcasting
  5741 | Orc:1    | Noticed an orc knight
  5778 | Orc:1    | Killed an orc knight
  5823 | Orc:1    | Killed an orc knight
  5823 | Orc:1    | Reached skill level 1 in Fire Magic
  5862 | Orc:1    | Noticed an enchanted triple sword
  5976 | Orc:1    | Noticed Fannar
  6020 | Orc:1    | Killed Fannar
  6020 | Orc:1    | Reached skill level 4 in Fighting
  6107 | Orc:1    | Reached skill level 5 in Fighting
  6212 | Orc:2    | Found a staircase to the Elven Halls.
  6436 | Orc:1    | Killed Saint Roka
  6436 | Orc:1    | Reached skill level 9 in Fighting
  6436 | Orc:1    | Reached XP level 12. HP: 43/105 MP: 1/19
  6702 | Orc:2    | Paralysed by an orc sorcerer for 3 turns
  6968 | Orc:2    | Reached *** piety under Ashenzari
  7388 | Orc:2    | Reached skill level 5 in Dodging
  7484 | Orc:2    | Noticed an orc high priest
  7507 | Orc:2    | Killed an orc high priest
  7514 | Orc:2    | Noticed an orc high priest
  7527 | Orc:2    | Killed an orc high priest
  7527 | Orc:2    | Reached skill level 1 in Evocations
  7631 | Orc:2    | Reached skill level 10 in Fighting
  7646 | Orc:2    | Noticed an orc high priest
  7687 | Orc:2    | Noticed a sun demon
  7701 | Orc:2    | Killed an orc high priest
  7768 | Orc:2    | Reached skill level 11 in Fighting
  7860 | Orc:2    | Found Beushruul's Gadget Emporium.
  7860 | Orc:2    | Found Uveatsutimm's General Store.
  7869 | Orc:2    | Found Teni's Food Emporium.
  7869 | Orc:2    | Found Aczetudd's Jewellery Boutique.
  7880 | Orc:2    | Bought a scroll of identify for 24 gold pieces
  7880 | Orc:2    | Bought a scroll of vulnerability for 90 gold pieces
  7884 | Orc:2    | Bought an uncursed ring of resist corrosion for 240 gold pieces
  7963 | D:10     | Entered Level 10 of the Dungeon
  7979 | D:10     | Found a staircase to the Lair.
  7979 | D:10     | Noticed a death yak
  7998 | D:10     | Killed a death yak
  8110 | D:10     | Noticed WhatIsLove's ghost (journeyman DEFE)
  8278 | D:11     | Noticed a two-headed ogre
  8278 | D:11     | Noticed a two-headed ogre
  8278 | D:11     | Noticed a two-headed ogre
  8295 | D:11     | Killed a two-headed ogre
  8295 | D:11     | Reached skill level 12 in Fighting
  8297 | D:11     | Killed a two-headed ogre
  8297 | D:11     | Reached XP level 13. HP: 118/118 MP: 13/20
  8359 | D:11     | Reached skill level 13 in Fighting
  8370 | D:11     | Reached skill level 1 in Conjurations
  8563 | D:11     | Noticed Sonja
  8574 | D:11     | Killed Sonja
  8593 | D:11     | Found a basalt altar of Yredelemnul.
  8786 | D:11     | Found a blossoming altar of Fedhas.
  8814 | D:11     | Reached **** piety under Ashenzari
  8997 | D:12     | Found a portal to a secret trove of treasure.
  9047 | D:12     | Found a white marble altar of Elyvilon.
  9205 | D:12     | Reached skill level 5 in Conjurations
  9472 | D:10     | Identified the ring of Xammeik {rC+ Int+3 Dex+4}
  9488 | D:10     | Learned a level 5 spell: Fireball
  9492 | Lair:1   | Entered Level 1 of the Lair of Beasts
  9648 | Lair:2   | Reached ***** piety under Ashenzari
 10081 | Lair:3   | Found a staircase to the Swamp.
 10156 | Lair:4   | Reached skill level 5 in Fire Magic
 10204 | Lair:4   | Reached XP level 14. HP: 107/129 MP: 15/21
 10439 | Lair:4   | Found a hole to the Spider Nest.
 10821 | Lair:6   | Entered Level 6 of the Lair of Beasts
 11092 | Lair:6   | Noticed Nessos
 11109 | Lair:6   | Killed Nessos
 11454 | Lair:5   | Reached skill level 14 in Fighting
 11882 | Lair:6   | Reached skill level 15 in Fighting
 12012 | Lair:6   | Identified the +7 shortbow "Killer Klown's Curse" {flame, Str+9 Int-3 Dex+4}
 12023 | Lair:6   | Found a staircase to the Slime Pits.
 12118 | Swamp:1  | Entered Level 1 of the Swamp
 12140 | Swamp:1  | Reached skill level 1 in Armour
 12462 | Swamp:2  | Noticed a cyan very ugly thing
 12627 | Swamp:1  | Reached XP level 15. HP: 109/141 MP: 18/23
 12802 | Swamp:3  | Noticed a thorn hunter
 12814 | Swamp:3  | Killed a thorn hunter
 12814 | Swamp:3  | Reached skill level 5 in Armour
 13226 | Swamp:4  | Entered Level 4 of the Swamp
 13359 | Swamp:3  | Learned a level 4 spell: Sticky Flame
 13361 | Swamp:4  | Reached ****** piety under Ashenzari
 13729 | Swamp:3  | Identified the +9 halberd of Nacief Iffi {chop, Str+2 Dex+3}
 13823 | Swamp:3  | Identified the +2 chain mail of Recklessness {Regen+ Int+2}
 13980 | Swamp:3  | Reached skill level 16 in Fighting
 15037 | Swamp:4  | Noticed the 27-headed Lernaean hydra
 16228 | Swamp:4  | Reached skill level 17 in Fighting
 16257 | Swamp:4  | HP: 6/147 [the 27-headed Lernaean hydra (9)]
 16259 | Swamp:3  | >:(
 16452 | Swamp:4  | Reached skill level 10 in Dodging
 16658 | Swamp:4  | Got a decaying rune of Zot
 16671 | Swamp:4  | Reached XP level 16. HP: 136/155 MP: 16/24
 16993 | Spider:1 | Entered Level 1 of the Spider Nest
 17069 | Spider:1 | Reached skill level 5 in Evocations
 17093 | Spider:1 | Reduced skill Unarmed Combat to level 1
 17638 | Spider:4 | Entered Level 4 of the Spider Nest
 17706 | Spider:4 | Noticed dricus's ghost (adept DsBe)
 18001 | Spider:4 | Reached skill level 18 in Fighting
 18215 | Spider:4 | Learned a level 3 spell: Teleport Other
 19387 | Spider:4 | Reached XP level 17. HP: 97/166 MP: 1/28
 19796 | Spider:4 | Noticed Kirke
 20166 | Spider:4 | Got a gossamer rune of Zot
 20350 | Spider:4 | Killed Kirke
 20907 | D:8      | Found a transporter.
 20990 | D:8      | Found a transporter.
 21642 | D:12     | Learned a level 7 spell: Spellforged Servitor
 21788 | D:13     | Noticed Maurice
 21801 | D:13     | Killed Maurice
 21807 | D:13     | Found Byrph's Antique Weapon Shoppe.
 21831 | D:13     | Reached skill level 1 in Summonings
 22084 | D:13     | Found a gate to the Vaults.
 22207 | D:13     | Found Tuqem's Quality Used Wands.
 22627 | D:13     | Identified the +5 quarterstaff "Jireebby" {flame, rN+ Str+3 Stlth+} (You took it off a deep elf mage on level 13 of the Dungeon)
 22710 | D:13     | Reached skill level 5 in Summonings
 23044 | Vaults:1 | Entered Level 1 of the Vaults
 24145 | Slime:1  | Entered Level 1 of the Pits of Slime
 24338 | Lair:6   | Reached XP level 18. HP: 129/172 MP: 29/29
 26312 | Orc:2    | Bought a lamp of fire for 640 gold pieces
 26462 | Vaults:1 | Reached skill level 10 in Summonings
 27204 | Vaults:2 | Found Riecoe Fene's Book Boutique.
 27212 | Vaults:2 | Bought a book of Cantrips for 380 gold pieces
 27212 | Vaults:2 | Bought Asopicir's Guide on Boosts and the Glacier for 885 gold pieces
 27214 | Vaults:2 | Learned a level 1 spell: Apportation
 27216 | Vaults:2 | Learned a level 1 spell: Animate Skeleton
 27281 | Vaults:2 | Found Nockag's Antique Weapon Boutique.
 27697 | Vaults:2 | Identified the cursed +2 hand axe of Red Wine {flame, *Rage Fragile +Inv MR+++}
 28015 | Vaults:2 | Learned a level 3 spell: Spectral Weapon
 28109 | Vaults:2 | Found a staircase to the Crypt.
 28121 | Vaults:2 | Reached skill level 10 in Spellcasting
 28131 | Vaults:2 | Upgraded the game from 0.21-a0-265-gb353147 to 0.21-a0-267-ga5fc350
 28136 | Crypt:1  | Entered Level 1 of the Crypt
 28347 | Vaults:2 | Reached XP level 19. HP: 56/179 MP: 2/32
 28669 | Crypt:1  | Noticed Boris
 28683 | Crypt:1  | Killed Boris
 29169 | Crypt:2  | Found a huge runed gate.
 29169 | Crypt:2  | Found a huge runed gate.
 29169 | Crypt:2  | Found a huge runed gate.
 29169 | Crypt:2  | Found a huge runed gate.
 29170 | Crypt:2  | Found a huge runed gate.
 29170 | Crypt:2  | Found a huge runed gate.
 29170 | Crypt:2  | Found a huge runed gate.
 29170 | Crypt:2  | Found a huge runed gate.
 29178 | Crypt:2  | Noticed a bone dragon
 29178 | Crypt:2  | Noticed a bone dragon
 29179 | Crypt:2  | Noticed a bone dragon
 29670 | Crypt:3  | Entered Level 3 of the Crypt
 29732 | Crypt:3  | Noticed Khufu
 29734 | Crypt:3  | Noticed a greater mummy
 30429 | Crypt:3  | Reached skill level 10 in Conjurations
 30439 | Crypt:3  | Learned a level 6 spell: Iron Shot
 30476 | Crypt:3  | Killed a greater mummy
 30491 | Crypt:3  | Killed Khufu
 30773 | Crypt:3  | Found an ancient bone altar of Kikubaaqudgha.
 31087 | Crypt:3  | Reached XP level 20. HP: 158/181 MP: 24/33
 31136 | Crypt:3  | Noticed a bone dragon
 31148 | Crypt:3  | Killed a bone dragon
 31214 | Crypt:3  | Identified Gloorx Vloq's Collected Works on Black Secrets
 31222 | Crypt:3  | Learned a level 4 spell: Control Undead
 31538 | Crypt:3  | Noticed a profane servitor
 31546 | Crypt:3  | Killed a profane servitor
 31723 | Crypt:3  | Found a staircase to the Tomb.
 31723 | Crypt:3  | Noticed an ancient lich
 31742 | Crypt:3  | Killed an ancient lich
 31925 | Crypt:2  | Killed a bone dragon
 31934 | Crypt:2  | Learned a level 3 spell: Regeneration
 32499 | Vaults:4 | Noticed Sojobo
 32515 | Vaults:4 | Killed Sojobo
 32731 | Vaults:4 | Noticed loom's ghost (adept DrFE)
 32753 | Vaults:4 | Killed loom's ghost
 32798 | Vaults:4 | Found a shimmering altar of Xom.
 32837 | Vaults:5 | Entered Level 5 of the Vaults
 32881 | Vaults:5 | Reached XP level 21. HP: 196/196 MP: 5/36
 33004 | Vaults:5 | Noticed yrara's ghost (veteran GrFi)
 33026 | Vaults:5 | Killed yrara's ghost
 33026 | Vaults:5 | Reached skill level 1 in Necromancy
 33091 | Vaults:5 | Reached skill level 1 in Charms
 33230 | Vaults:5 | Reached skill level 19 in Fighting
 33231 | Vaults:5 | Found Goata's Food Shoppe.
 33288 | Vaults:5 | Reached skill level 1 in Hexes
 33441 | Vaults:5 | Identified the +3 scale mail of Heshroots {rC+ rCorr Dex+2 Stlth+}
 33478 | Vaults:5 | Identified the Almanac of the Congealing Rocks
 33681 | Vaults:5 | Got a silver rune of Zot
 33781 | Vaults:5 | Identified the cursed +0 arbalest "Mokhlusuo" {penet, *Contam +Inv rElec Str+4} (You took it off a vault sentinel on level 5 of the Vaults)
 33941 | Vaults:5 | Identified the +1 leather armour of Lowyesuh {rC- Int+2 Dex+3 SInv} (You took it off a deep elf demonologist on level 5 of the Vaults)
 34190 | Vaults:5 | Identified the +0 leather armour "Lan Daih" {Str+3 Int+4 Stlth-} (You took it off an ironheart preserver on level 5 of the Vaults)
 34225 | Vaults:5 | Learned a level 6 spell: Deflect Missiles
 34230 | Vaults:5 | Noticed an ancient lich
 34280 | Vaults:5 | Killed an ancient lich
 34280 | Vaults:5 | Reached XP level 22. HP: 192/207 MP: 2/38
 34395 | Vaults:5 | Identified the +2 falchion "Mecsukitz" {pain, +Rage rElec Int+6} (You took it off a yaktaur captain on level 5 of the Vaults)
 34717 | Vaults:5 | Identified the Reference Book on Supportive Evil
 35112 | Vaults:2 | Bought a book of Beasts for 1045 gold pieces
 35114 | Vaults:2 | Learned a level 1 spell: Summon Butterflies
 35583 | Slime:5  | Entered Level 5 of the Pits of Slime
 35785 | Slime:5  | Found a viscous altar of Jiyva.
 35786 | Slime:5  | Noticed the Royal Jelly
 35802 | Slime:5  | Noticed a shard shrike shaped Royal Jelly
 35802 | Slime:5  | the Royal Jelly changed into a shard shrike shaped Royal Jelly
 35977 | Slime:5  | Reached skill level 5 in Air Magic
 36039 | Slime:5  | Paralysed by a great orb of eyes for 6 turns
 36776 | Slime:5  | Reached skill level 20 in Fighting
 36848 | Slime:5  | Identified the +8 great mace "Husto Arghe" {crush, rF+ rC+ MR+}
 36849 | Slime:5  | Identified the +8 lajatang "Ryjuxzakh" {pain, rC++}
 36849 | Slime:5  | Identified the +4 troll leather armour of Spring {Regen+ Int+4}
 37077 | Slime:5  | Killed a shard shrike shaped Royal Jelly
 37116 | Slime:5  | Identified Dafask's Grimoire of Air and Dark Rituals
 37175 | Slime:5  | Got a slimy rune of Zot
 37695 | D:14     | Identified the +2 ring mail of the Bells {+Inv Int+2 Dex+3}
 37791 | D:15     | Entered Level 15 of the Dungeon
 37873 | D:15     | Noticed Chiseanne's ghost (journeyman DsWn)
 37879 | D:15     | Killed Chiseanne's ghost
 37978 | D:15     | Found a staircase to the Depths.
 38040 | Depths:1 | Entered Level 1 of the Depths
 38283 | Depths:1 | Found Toph's Book Boutique.
 38367 | Depths:1 | Reached XP level 23. HP: 199/218 MP: 7/40
 38427 | Depths:1 | Reached skill level 21 in Fighting
 38462 | Depths:1 | Found a gateway to Hell.
 38462 | Depths:1 | Found a huge runed gate.
 38462 | Depths:1 | Found a huge runed gate.
 38465 | Depths:1 | Found a huge runed gate.
 38468 | Depths:1 | Found a huge runed gate.
 38469 | Depths:1 | Found a huge runed gate.
 38477 | Depths:1 | Found a huge runed gate.
 38477 | Depths:1 | Found a huge runed gate.
 38489 | Depths:1 | Reached skill level 1 in Earth Magic
 38664 | Depths:1 | Found a huge runed gate.
 38664 | Depths:1 | Found a huge runed gate.
 38665 | Depths:1 | Found a huge runed gate.
 38666 | Depths:1 | Found a huge runed gate.
 38673 | Depths:1 | Found a huge runed gate.
 38674 | Depths:1 | Found a huge runed gate.
 38675 | Depths:1 | Found a huge runed gate.
 38676 | Depths:1 | Found a huge runed gate.
 38677 | Depths:1 | Found a huge runed gate.
 38678 | Depths:1 | Found a huge runed gate.
 38744 | Depths:2 | Reached skill level 5 in Earth Magic
 38855 | Depths:2 | Noticed a caustic shrike
 38867 | Depths:2 | Found a one-way gate leading to the halls of Pandemonium.
 38917 | Depths:2 | Learned a level 5 spell: Irradiate
 38919 | Pan      | Entered Pandemonium
 38919 | Pan      | Identified the ring of Salvation {*Corrode rPois AC+5 Int+7 SInv}
 39053 | Pan      | Noticed Mennas
 39547 | Pan      | Learned a level 8 spell: Lehudib's Crystal Spear
 39631 | Pan      | Found an exit through the horrors of the Abyss.
 39735 | Pan      | Noticed Mennas
 39753 | Pan      | Entered the realm of Mnoleg.
 39809 | Pan      | Noticed Mnoleg
 39849 | Pan      | Killed Mnoleg
 40050 | Pan      | Got a glowing rune of Zot
 40270 | Pan      | Noticed Cuenn the pandemonium lord
 40289 | Depths:2 | Escaped Pandemonium
 40392 | Depths:2 | Noticed Nikola
 40437 | Depths:2 | Killed Nikola
 40639 | Pan      | Entered Pandemonium
 40706 | Pan      | Found an exit through the horrors of the Abyss.
 41031 | Pan      | Found an exit through the horrors of the Abyss.
 41290 | Pan      | Reached skill level 10 in Stealth
 41460 | Pan      | Noticed a seraph
 41687 | Pan      | Reached XP level 24. HP: 228/228 MP: 28/40
 41825 | Pan      | Found a glowing golden altar of the Shining One.
 41830 | Pan      | Identified the +5 quarterstaff "Ogre's Demise" {drain, Str-3 Dex+5}
 41831 | Pan      | Identified the +8 broad axe of the People {drain, *Rage rPois Int+5 SInv}
 41835 | Pan      | Got a demonic rune of Zot
 42082 | Depths:2 | Escaped Pandemonium
 42164 | Pan      | Entered Pandemonium
 42164 | Pan      | Found an exit through the horrors of the Abyss.
 42285 | Pan      | Noticed Taugimiy the pandemonium lord
 42943 | Pan      | Found an exit through the horrors of the Abyss.
 43094 | Pan      | Found an exit through the horrors of the Abyss.
 43115 | Depths:2 | Escaped Pandemonium
 43120 | Pan      | Entered Pandemonium
 43332 | Pan      | Found an exit through the horrors of the Abyss.
 43402 | Pan      | Noticed Pemuusta the pandemonium lord
 43415 | Pan      | Entered the realm of Lom Lobon.
 43417 | Pan      | Noticed Lom Lobon
 43448 | Pan      | Got a magical rune of Zot
 43626 | Pan      | Entered the realm of Cerebov.
 43736 | Pan      | Noticed Mennas
 43787 | Pan      | Found an exit through the horrors of the Abyss.
 43796 | Pan      | Noticed Lom Lobon
 43798 | Pan      | Paralysed by a wizard for 6 turns
 44257 | Pan      | Reached skill level 22 in Fighting
 44498 | Pan      | Identified the amulet "Xyhiuloa" {Reflect +Blink rElec Str-3 Dex-3 SH+4} (You took it off a balrug in Pandemonium)
 45226 | Pan      | Reached skill level 15 in Spellcasting
 45610 | Pan      | Killed Mennas
 45957 | Pan      | Noticed Cerebov
 46541 | Pan      | Reached XP level 25. HP: 221/237 MP: 40/41
 46901 | Pan      | Got a fiery rune of Zot
 46914 | Pan      | Identified the +2 plate armour "Tublapri" {rC+ rN+ Dex+5}
 46914 | Pan      | Identified the cursed +1 quarterstaff of the Depths {crush, Str+4}
 46933 | Pan      | Identified the cursed +1 scale mail of Lifelessness {+Fly Str+6 Int-3}
 47133 | Pan      | Entered the realm of Gloorx Vloq.
 47652 | Pan      | Noticed Gloorx Vloq
 47944 | Pan      | Got a dark rune of Zot
 48045 | Depths:2 | Escaped Pandemonium
 48167 | Hell     | Entered the Vestibule of Hell
 48167 | Hell     | Noticed Geryon
 48289 | Depths:2 | Noticed Bai Suzhen
 48352 | Depths:3 | Found Quohahan's Food Shoppe.
 48468 | Depths:3 | Upgraded the game from 0.21-a0-267-ga5fc350 to 0.21-a0-270-g8204059
 48549 | Depths:3 | Reached skill level 5 in Translocations
 48755 | Depths:3 | Identified the +9 plate armour of Feasting {rF+}
 48844 | Depths:3 | Found a gateway to a ziggurat.
 49058 | Depths:4 | Found a glowing golden altar of the Shining One.
 49064 | Depths:4 | Found a one-way gate to the infinite horrors of the Abyss.
 49386 | Depths:3 | Identified the cursed +1 ring mail of Segainn {rF+ rC+}
 49491 | Depths:5 | Entered Level 5 of the Depths
 50042 | Depths:2 | Killed Bai Suzhen
 50280 | D:14     | Reached skill level 10 in Translocations
 50522 | Depths:4 | Identified a scroll of acquirement
 50640 | Depths:4 | Learned a level 4 spell: Summon Lightning Spire
 50665 | Depths:4 | Noticed Boris
 50679 | Depths:4 | Killed Boris
 50688 | Depths:4 | Identified the Volume of the Compass
 50698 | Depths:4 | Learned a level 7 spell: Malign Gateway
 50945 | Depths:3 | Reached XP level 26. HP: 185/248 MP: 26/42
 52315 | Tomb:1   | Entered Level 1 of the Tomb of the Ancients
 52514 | Tomb:1   | Noticed a greater mummy
 52566 | Tomb:1   | Killed a greater mummy
 52599 | Tomb:1   | Noticed a greater mummy
 52608 | Tomb:1   | Killed a greater mummy
 52639 | Tomb:1   | Noticed a greater mummy
 52648 | Tomb:1   | Noticed a greater mummy
 52651 | Tomb:1   | Noticed a greater mummy
 52769 | Tomb:2   | Noticed a greater mummy
 52776 | Tomb:2   | Noticed a greater mummy
 52800 | Tomb:2   | Killed a greater mummy
 52805 | Tomb:2   | Killed a greater mummy
 52826 | Tomb:2   | Noticed a greater mummy
 52855 | Tomb:2   | Noticed a greater mummy
 53060 | Tomb:2   | Killed a greater mummy
 53084 | Tomb:2   | Killed a greater mummy
 53323 | Tomb:1   | Noticed a greater mummy
 53323 | Tomb:1   | Noticed a greater mummy
 53323 | Tomb:1   | Noticed a greater mummy
 53323 | Tomb:1   | Noticed a greater mummy
 53334 | Tomb:1   | Killed a greater mummy
 53339 | Tomb:1   | Killed a greater mummy
 53453 | Tomb:2   | Learned a level 8 spell: Controlled Blink
 53500 | Tomb:1   | Killed a greater mummy
 53507 | Tomb:1   | Killed a greater mummy
 53521 | Tomb:2   | Killed a greater mummy
 53658 | Tomb:1   | Killed a greater mummy
 53685 | Tomb:1   | Noticed a greater mummy
 53695 | Tomb:1   | Killed a greater mummy
 53716 | Tomb:1   | Killed a greater mummy
 53756 | Tomb:1   | Noticed a greater mummy
 53768 | Tomb:1   | Killed a greater mummy
 53830 | Tomb:1   | Noticed a greater mummy
 53843 | Tomb:1   | Killed a greater mummy
 53862 | Tomb:1   | Noticed a greater mummy
 53863 | Tomb:1   | Noticed a greater mummy
 53898 | Tomb:1   | Killed a greater mummy
 53910 | Tomb:1   | Noticed a greater mummy
 53913 | Tomb:1   | Killed a greater mummy
 53930 | Tomb:1   | Killed a greater mummy
 54039 | Tomb:1   | Noticed a greater mummy
 54057 | Tomb:1   | Killed a greater mummy
 54118 | Tomb:1   | Noticed a greater mummy
 54129 | Tomb:1   | Killed a greater mummy
 54159 | Tomb:1   | Noticed a greater mummy
 54166 | Tomb:1   | Noticed a greater mummy
 54386 | Tomb:1   | Killed a greater mummy
 54392 | Tomb:1   | Killed a greater mummy
 54392 | Tomb:1   | Reached XP level 27. HP: 211/251 MP: 36/43
 54396 | Tomb:1   | Noticed a greater mummy
 54401 | Tomb:1   | Killed a greater mummy
 54430 | Tomb:1   | Noticed a greater mummy
 54440 | Tomb:1   | Killed a greater mummy
 54546 | Tomb:2   | Reached skill level 15 in Translocations
 54688 | Tomb:3   | Entered Level 3 of the Tomb of the Ancients
 54706 | Tomb:3   | Identified the +5 dagger of Wotuel {antimagic, rElec}
 54858 | Tomb:3   | Noticed a greater mummy
 54860 | Tomb:3   | Identified the +6 battleaxe of Uncomfortable Rashes {drain, Fragile Int+6 Stlth+}
 54876 | Tomb:3   | Killed a greater mummy
 54886 | Tomb:3   | Noticed a greater mummy
 54889 | Tomb:3   | Noticed a greater mummy
 54889 | Tomb:3   | Noticed a greater mummy
 54893 | Tomb:3   | Killed a greater mummy
 54910 | Tomb:2   | Killed a greater mummy
 55085 | Tomb:3   | Identified the +2 lajatang of the Snake Pit {venom, *Rage rPois Int+2}
 55086 | Tomb:3   | Identified the +8 dagger of Immorality {protect, +Fly rPois Str+3}
 55088 | Tomb:3   | Identified the +1 robe "Sedgh" {+Fly Str+3 Slay-4}
 55088 | Tomb:3   | Identified the ring "Eteo" {Fire Str+3}
 55174 | Tomb:3   | Noticed a greater mummy
 55181 | Tomb:3   | Killed a greater mummy
 55453 | Tomb:3   | Noticed a greater mummy
 55461 | Tomb:3   | Killed a greater mummy
 55503 | Tomb:3   | Noticed a greater mummy
 55505 | Tomb:3   | Noticed a greater mummy
 55505 | Tomb:3   | Noticed a greater mummy
 55536 | Tomb:3   | Killed a greater mummy
 55540 | Tomb:3   | Killed a greater mummy
 55634 | Tomb:3   | Killed a greater mummy
 55646 | Tomb:3   | Got a golden rune of Zot
 55737 | Tomb:3   | Killed a greater mummy
 56384 | Hell     | Killed Geryon
 56526 | Hell     | Found a gateway to the freezing wastes of Cocytus.
 56623 | Coc:1    | Entered Level 1 of Cocytus
 56755 | Coc:7    | Entered Level 7 of Cocytus
 57180 | Coc:7    | Identified the ring "Oluviwke" {MP+9 Dex+3}
 57180 | Coc:7    | Noticed Antaeus
 57190 | Coc:7    | Got an icy rune of Zot
 57348 | Hell     | Found a gateway to the decaying netherworld of Tartarus.
 57368 | Tar:1    | Entered Level 1 of Tartarus
 57403 | Tar:1    | You fall through a shaft!
 57797 | Tar:2    | You fall through a shaft for 2 floors!
 58121 | Tar:7    | Entered Level 7 of Tartarus
 58121 | Tar:7    | Identified the +1 leather armour "Wonor" {rC+ Str+6}
 58121 | Tar:7    | Identified the amulet "Finider" {Reflect rF+ MP+9 Dex+2 SH+5 SInv}
 58121 | Tar:7    | Identified the +3 rapier of Experimentation {freeze, MP-9 Str+5}
 58121 | Tar:7    | Identified the ring "Naona" {Fire rPois MR- Str-5 Int+9}
 58277 | Tar:7    | Noticed an ancient lich
 58301 | Tar:7    | Killed an ancient lich
 58640 | Tar:7    | Found the +8 trident of the Octopus King {venom, rElec rPois MR+}
 58640 | Tar:7    | Identified the ring of Lugonu's Esteem {rC+ MR+}
 58659 | Tar:7    | Identified the cursed +1 war axe of Hell's Wrath {chop, +Inv Int+4 Dex-4}
 58681 | Tar:7    | Identified the ring of Liberalism {+Fly Dex+4 Slay+3 Stlth+}
 59121 | Tar:7    | Found the +8 whip "Snakebite" {curare, rPois}
 59122 | Tar:7    | Identified the amulet of Ykem {RegenMP Int+3 Stlth+}
 59141 | Tar:7    | Noticed an ancient lich
 59151 | Tar:7    | Killed an ancient lich
 59256 | Tar:7    | Identified the cursed ring of Gufum {-Tele rF+ MR+ Int-3 Dex+2} (You took it off a skeletal warrior on level 7 of Tartarus)
 59280 | Tar:7    | Noticed the Serpent of Hell
 59916 | Tar:7    | Noticed Ereshkigal
 60030 | Tar:7    | Paralysed by a vampire knight for 6 turns
 60034 | Tar:7    | Slain by a vampire knight

Vault maps used:
D:1:      nicolae_arrival_memento_mori, minmay_split_cup_large
D:2:      first_bread, uniq_crazy_yiuf_cottage
D:3:      lemuel_crystal_altar, gup_sewer_entry_pipe
D:4:      old_standard_altar, kennysheep_little_box, tgw_xom,
          nicolae_overflow_crystal_walls, nicolae_gozag_seed_capital, uniq_robin
D:5:      old_standard_altar, temple_doors_e
D:6:      grunt_temple_overflow_growth_and_decay, nicolae_ru_awakened_eye,
          serial_shops, shop, uniq_blork_the_orc, uniq_menkaure, uniq_edmund
D:7:      lemuel_doored_altar, the_bakery, kennysheep_generic_room_2
D:8:      gammafunk_corrupted_shrine, kennysheep_mini_moat
D:9:      eat_drink_and_be_merry_uskayaw, minmay_orc_entry_temple_small,
          serial_shops, nicolae_shop_behind_doors
D:10:     dpeg_lair_monsters, uniq_psyche, uniq_joseph
D:11:     lemuel_ogre_cave, basic_altar, fedhas_altar_4, uniq_sonja
D:12:     enter_trove_0, basic_altar
D:13:     four-leaf_vault, david_vaults_4, serial_shops, shop,
          nicolae_for_you_no_charge, uniq_maurice
D:14:     chequers_big_river, uniq_roxanne
D:15:     hangedman_depths_entry_civil_slaughter, serial_shops,
          nicolae_shop_window_shopping,
          nicolae_dithmenos_through_a_glass_darkly, nicolae_antique_artefacts
Temple:   cyrus_temple_forest
Lair:1:   dragon1_lemuel, st_stairs_10
Lair:3:   swamp_mist, grunt_megastairs_1, lemuel_fruit_fields,
          infiniplex_staircase_pool_2
Lair:4:   spider_nest_entry_rubble
Lair:5:   nicolae_lair_grove_arrangements, serial_bayou_shore_a
Lair:6:   minmay_lair_end_frog_pond, slime_dummy, uniq_nessos
Swamp:1:  nicolae_swamp_fairy_circle
Swamp:2:  evilmike_swamp_ruin_house_1
Swamp:3:  evilmike_swamp_ruin_rubble_2
Swamp:4:  swamp_old_school
Spider:1: uniq_donald
Spider:3: uniq_asterion, uniq_azrael
Spider:4: floodkiller_spider_rune_tomb, uniq_kirke
Slime:1:  cheibrodos_slime_lost_civilization_7
Orc:1:    serial_shops, shop, sword_in_stone, uniq_fannar
Orc:2:    grunt_orc_tribal_feast, portal_ice_cave_rime, uniq_saint_roka
Vaults:1: v_rooms_6, vaults_room_corners, hangedman_vaults_variations,
          hangedman_vaults_slice, v_misc_13, v_misc_28, v_misc_18,
          v_alt_pattern_3, nicolae_vaults_little_squares_4
Vaults:2: nicolae_vaults_little_squares_4, vaults_dpeg_encased_lava,
          vaults_mumra_chevron, ontoclasm_vaults_shout,
          minmay_crypt_entry_simple_corners, v_misc_28, nicolae_vaults_theta,
          vaults_mumra_minichess, nicolae_vaults_specimen_jars, serial_shops,
          shop, shop
Vaults:3: hangedman_vaults_slither, hangedman_vaults_stretched_pinwheel,
          ontoclasm_vaults_bender, ontoclasm_vaults_water_temple, v_misc_23,
          v_misc_8, vaults_standard_mumra_x, nicolae_vaults_alarming,
          nicolae_vaults_border_crossing, serial_hangedman_research
Vaults:4: hangedman_vaults_corner_blocks, v_misc_17, ontoclasm_vaults_twist,
          vaults_standard_mumra_enter_the_diamond, ontoclasm_vaults_ring_small,
          ontoclasm_vaults_chip, nicolae_vaults_network_star,
          nicolae_vaults_circle_grid_b, nicolae_vaults_circle_grid_a,
          basic_altar, uniq_sojobo
Vaults:5: serial_shops
Crypt:1:  minmay_misc_feat_ornament, uniq_boris
Crypt:2:  door_vault
Crypt:3:  grunt_crypt_end_deaths_head, uniq_khufu
Depths:1: minmay_door_square, hangedman_coc_ice_floe, serial_shops, shop,
          grunt_ministairs_11, door_vault
Depths:2: cell_vault, rand_demon_pan_entry_7, pf_vacation_house_of_asmodeus,
          minmay_misc_feat_enclosed, minmay_staircase_windowed_large,
          uniq_jorgrun, uniq_nikola, uniq_bai_suzhen
Depths:3: kennysheep_demon_jail, enter_ziggurat_b, lightli_too_deep, pan_entry,
          serial_shops, nicolae_shop_stone
Depths:4: constructs_gauntlet_mu_hangedman, abyss_entry,
          grunt_hell_entry_dis_mu, tso_altar, grunt_pan_entry_zigzag
Depths:5: lemuel_castle_with_subvaults, abyss_entry, minmay_misc_feat_diagonals,
          hell_entry
Coc:7:    coc_grunt
Tar:1:    minmay_shadows
Tar:2:    nicolae_tar_fractal_crypt, lemuel_elevator
Tar:6:    grunt_deathspiral_small
Tar:7:    tar_old
Pan:      nicolae_pan_door_chamber, pan_blood_fountain, rand_demon_4,
          uniq_mennas_pan, pan_blood_fountain, gammafunk_dig_for_victory,
          regret_index_pan_draining_boxed, uniq_mennas_pan, mnoleg,
          evilmike_mini_pan_corridor, nicolae_pan_gloorx_vloqian_3,
          pan_captured_pigsty, rand_demon_1, pan_blood_fountain_small,
          evilmike_mini_pan_T, evilmike_mini_pan_layers,
          nicolae_pan_mnolegish_1, rand_demon_5, rand_demon_4,
          pan_blood_fountain, evilmike_holy_pan, rand_demon_7,
          evilmike_mini_pan_doors, pan_blood_fountain_small, rand_demon_9,
          grunt_pan_pentagram, grunt_pan_zigzag, nicolae_pan_cerebovesque_3,
          evilmike_mini_pan_T, reaverb_pan_chaos_star,
          evilmike_mini_pan_pillars, evilmike_mini_pan_other_thingy,
          evilmike_mini_pan_T, grunt_pan_spiral, rand_demon_6,
          lom_lobon_grunt_wind_tunnels, cerebov_grunt, uniq_mennas_pan,
          uniq_lom_lobon, pan_disco_hall, uniq_lom_lobon, gloorx_vloq_grunt,
          nicolae_pan_sigil_uleosi, nicolae_pan_sick_transit,
          nicolae_pan_mnolegish_4
Sewer:    sewer_co_tree

Skill      XL: |  1  2  3  4  5  6  7  8  9 10 11 12 13 14 15 16 17 18 19 20 21 22 23 24 25 26 27 |
---------------+----------------------------------------------------------------------------------+-----
Unarmed Combat | 3 4 5 0 |  0.0
Stealth        | 3 5 10 11 | 11.7
Air Magic      | 1 6 |  6.0
Polearms       | 4 7 9 11 | 11.2
Shields        | 2 4 |  4.7
Fighting       | 3 9 12 13 15 17 18 19 20 21 22 | 22.3
Poison Magic   | 2 |  2.0
Spellcasting   | 4 5 6 8 10 12 13 14 15 16 17 19 | 19.9
Fire Magic     | 1 5 |  5.0
Translocations | 3 10 14 18 | 18.0
Dodging        | 5 7 9 10 11 12 | 12.7
Evocations     | 2 5 |  5.5
Conjurations   | 5 11 13 14 | 14.8
Armour         | 4 6 8 |  8.0
Summonings     | 7 11 | 11.0
Necromancy     | 1 4 |  4.8
Charms         | 2 3 |  3.6
Hexes          | 1 |  1.9
Earth Magic    | 8 |  8.8
Throwing       | |  0.8

Action                   |  1- 3 |  4- 6 |  7- 9 | 10-12 | 13-15 | 16-18 | 19-21 | 22-24 | 25-27 || total
-------------------------+-------+-------+-------+-------+-------+-------+-------+-------+-------++-------
Melee: Unarmed           |    77 |   154 |   215 |       |       |       |       |       |       ||   446
       Punch             |     2 |     4 |     8 |       |       |       |       |       |       ||    14
       Trident           |       |       |   230 |   680 |  1830 |  1385 |       |       |       ||  4125
       Halberd           |       |       |       |       |       |   550 |  1037 |  1411 |  1808 ||  4806
Throw: Tomahawk          |       |       |       |     2 |    19 |     3 |     1 |     1 |       ||    26
       Throwing net      |       |       |       |       |       |       |       |     1 |       ||     1
 Cast: Shroud of Golubri |       |    16 |    17 |    33 |    95 |    97 |    18 |    32 |    41 ||   349
       Blink             |       |     1 |    11 |    12 |    72 |    24 |    15 |    21 |    60 ||   216
       Mephitic Cloud    |       |       |     3 |    39 |    62 |    82 |       |       |       ||   186
       Passage of Golubr |       |       |       |     4 |    18 |    46 |     6 |    78 |   106 ||   258
       Conjure Flame     |       |       |       |     2 |     1 |    14 |       |       |       ||    17
       Fireball          |       |       |       |       |     8 |    13 |     3 |     2 |       ||    26
       Sticky Flame      |       |       |       |       |     5 |    10 |       |       |       ||    15
       Spectral Weapon   |       |       |       |       |       |     5 |    84 |   106 |    81 ||   276
       Spellforged Servi |       |       |       |       |       |     1 |    45 |   118 |   127 ||   291
       Apportation       |       |       |       |       |       |       |    44 |    61 |    97 ||   202
       Regeneration      |       |       |       |       |       |       |     5 |    55 |    55 ||   115
       Control Undead    |       |       |       |       |       |       |     4 |       |    89 ||    93
       Deflect Missiles  |       |       |       |       |       |       |       |    23 |     6 ||    29
       Iron Shot         |       |       |       |       |       |       |       |     2 |       ||     2
       Animate Skeleton  |       |       |       |       |       |       |       |    13 |    38 ||    51
       Lehudib's Crystal |       |       |       |       |       |       |       |     1 |     2 ||     3
       Summon Butterflie |       |       |       |       |       |       |       |       |     1 ||     1
       Malign Gateway    |       |       |       |       |       |       |       |       |    60 ||    60
       Controlled Blink  |       |       |       |       |       |       |       |       |     3 ||     3
Invok: Curse Item        |       |       |     4 |     1 |     2 |     2 |     1 |     3 |     1 ||    14
       Transfer Knowledg |       |       |       |       |       |     1 |       |       |       ||     1
       Scrying           |       |       |       |       |       |     1 |       |     4 |    13 ||    18
Evoke: Wand              |       |       |       |       |    11 |     5 |     9 |    23 |    15 ||    63
       Lightning rod     |       |       |       |       |    10 |     7 |     4 |       |       ||    21
       Lamp of fire      |       |       |       |       |       |       |     2 |     3 |     2 ||     7
       Sack of spiders   |       |       |       |       |       |       |     5 |       |       ||     5
       Box of beasts     |       |       |       |       |       |       |       |    18 |     5 ||    23
       Phantom mirror    |       |       |       |       |       |       |       |     2 |       ||     2
       Fan of gales      |       |       |       |       |       |       |       |       |     2 ||     2
       Horn of Geryon    |       |       |       |       |       |       |       |       |     1 ||     1
  Use: Scroll            |       |       |     2 |    14 |    18 |    19 |    11 |    27 |    15 ||   106
       Potion            |       |       |       |     3 |     3 |     3 |     7 |    11 |     9 ||    36
 Stab: Sleeping          |       |     3 |    15 |     7 |    12 |    14 |     4 |     9 |    23 ||    87
       Confused          |       |       |       |    20 |    49 |    54 |       |       |     6 ||   129
       Distracted        |       |       |       |     3 |     1 |     3 |    33 |    44 |    40 ||   124
       Invisible         |       |       |       |       |     5 |     1 |       |       |       ||     6
       Held in net/web   |       |       |       |       |       |     1 |       |       |       ||     1
       Betrayed ally     |       |       |       |       |       |       |       |       |    12 ||    12
       Paralysed         |       |       |       |       |       |       |       |       |     2 ||     2
  Eat: Chunk             |     8 |    14 |    65 |    62 |   244 |   183 |   109 |   121 |   126 ||   932
       Royal jelly       |       |       |       |       |       |     3 |     3 |     3 |     2 ||    11
       Meat ration       |       |       |       |       |       |       |     2 |    13 |    11 ||    26
Armor: Leather armour    |    19 |    24 |    17 |       |       |       |       |       |       ||    60
       Animal skin       |       |       |    58 |    19 |       |       |       |       |       ||    77
       Robe              |       |       |       |    27 |       |       |       |       |       ||    27
       Ring mail         |       |       |       |       |   235 |   343 |   146 |    70 |       ||   794
       Troll leather arm |       |       |       |       |       |       |       |   237 |   513 ||   750
Dodge: Dodged            |    28 |    74 |   201 |   127 |   595 |   741 |   454 |   793 |  1180 ||  4193
       Deflected         |       |       |       |       |       |       |       |   101 |    58 ||   159
Block: Buckler           |       |       |    34 |    80 |   318 |   286 |       |       |       ||   718
       Other             |       |       |       |       |       |       |       |    14 |   229 ||   243
       Reflection        |       |       |       |       |       |       |       |       |    10 ||    10

Table legend:
 A = Spawn XP
 B = Non-spawn XP
 C = Spawn XP percentage of total XP
 D = Spawn monster count
 E = Non-spawn monster count
 F = Spawn count percentage of total count
 G = Total turns spent on level
                    A         B        C        D         E        F      G
               +---------+---------+-------+---------+---------+-------+---------
         Total |   73039 | 1476470 |   4.7 |     131 |    2597 |   4.8 | 60034
               +---------+---------+-------+---------+---------+-------+---------
           D:1 |       0 |      18 |   0.0 |       0 |       8 |   0.0 |   106
           D:2 |       0 |      47 |   0.0 |       0 |       9 |   0.0 |   188
           D:3 |       0 |     157 |   0.0 |       0 |      39 |   0.0 |   780
           D:4 |       0 |     325 |   0.0 |       0 |      31 |   0.0 |   602
           D:5 |       0 |     518 |   0.0 |       0 |      15 |   0.0 |   651
           D:6 |       0 |    1210 |   0.0 |       0 |      22 |   0.0 |   781
           D:7 |       0 |    1129 |   0.0 |       0 |      14 |   0.0 |   549
           D:8 |       0 |    5039 |   0.0 |       0 |      30 |   0.0 |   889
           D:9 |       0 |     962 |   0.0 |       0 |      28 |   0.0 |   907
          D:10 |       0 |    5002 |   0.0 |       0 |      26 |   0.0 |   448
          D:11 |       0 |   10089 |   0.0 |       0 |      33 |   0.0 |   831
          D:12 |       0 |    6503 |   0.0 |       0 |      30 |   0.0 |   787
          D:13 |       0 |   18132 |   0.0 |       0 |      50 |   0.0 |  2076
          D:14 |       0 |    6178 |   0.0 |       0 |      23 |   0.0 |   149
          D:15 |       0 |   17131 |   0.0 |       0 |      33 |   0.0 |   480
        Lair:1 |       0 |    3020 |   0.0 |       0 |      10 |   0.0 |   442
        Lair:2 |       0 |    1622 |   0.0 |       0 |       7 |   0.0 |   285
        Lair:3 |       0 |    4107 |   0.0 |       0 |      19 |   0.0 |   484
        Lair:4 |       0 |    5095 |   0.0 |       0 |      25 |   0.0 |   584
        Lair:5 |       0 |    6866 |   0.0 |       0 |      30 |   0.0 |   895
        Lair:6 |       0 |   30276 |   0.0 |       0 |      79 |   0.0 |  1981
       Swamp:1 |       0 |    6250 |   0.0 |       0 |      16 |   0.0 |   537
       Swamp:2 |       0 |    2529 |   0.0 |       0 |      10 |   0.0 |   526
       Swamp:3 |       0 |   21434 |   0.0 |       0 |      46 |   0.0 |  2265
       Swamp:4 |       0 |   18525 |   0.0 |       0 |      41 |   0.0 |  1352
      Spider:1 |       0 |    6370 |   0.0 |       0 |      16 |   0.0 |   229
      Spider:2 |       0 |    4024 |   0.0 |       0 |      14 |   0.0 |   252
      Spider:3 |       0 |    9135 |   0.0 |       0 |      25 |   0.0 |   620
      Spider:4 |       0 |   52816 |   0.0 |       0 |     123 |   0.0 |  2503
       Slime:1 |       0 |    6483 |   0.0 |       0 |      10 |   0.0 |   559
       Slime:2 |       0 |    7516 |   0.0 |       0 |       6 |   0.0 |   314
       Slime:3 |       0 |    9374 |   0.0 |       0 |      18 |   0.0 |   751
       Slime:4 |       0 |    9188 |   0.0 |       0 |      11 |   0.0 |   417
       Slime:5 |       0 |   35222 |   0.0 |       0 |      40 |   0.0 |   842
         Orc:1 |       0 |   11408 |   0.0 |       0 |      39 |   0.0 |  1571
         Orc:2 |       0 |    9391 |   0.0 |       0 |      38 |   0.0 |  1322
      Vaults:1 |       0 |   19506 |   0.0 |       0 |      39 |   0.0 |   877
      Vaults:2 |       0 |   47163 |   0.0 |       0 |      68 |   0.0 |  1908
      Vaults:3 |       0 |    4762 |   0.0 |       0 |      15 |   0.0 |   334
      Vaults:4 |       0 |   19289 |   0.0 |       0 |      25 |   0.0 |   482
      Vaults:5 |       0 |  140239 |   0.0 |       0 |     146 |   0.0 |  2022
       Crypt:1 |       0 |   30723 |   0.0 |       0 |      47 |   0.0 |   992
       Crypt:2 |       0 |   24739 |   0.0 |       0 |      33 |   0.0 |   942
       Crypt:3 |       0 |   75593 |   0.0 |       0 |     113 |   0.0 |  1750
        Tomb:1 |       0 |  107189 |   0.0 |       0 |      58 |   0.0 |  1654
        Tomb:2 |       0 |   45687 |   0.0 |       0 |      69 |   0.0 |  1174
        Tomb:3 |       0 |   65599 |   0.0 |       0 |      74 |   0.0 |   823
      Depths:1 |       0 |   29309 |   0.0 |       0 |      41 |   0.0 |   841
      Depths:2 |       0 |   24079 |   0.0 |       0 |      28 |   0.0 |  1071
      Depths:3 |       0 |   58314 |   0.0 |       0 |     108 |   0.0 |  1917
      Depths:4 |       0 |   31055 |   0.0 |       0 |      33 |   0.0 |   846
      Depths:5 |       0 |   13194 |   0.0 |       0 |      24 |   0.0 |   293
          Hell |       0 |   29625 |   0.0 |       0 |      62 |   0.0 |   640
         Coc:1 |       0 |    1476 |   0.0 |       0 |       3 |   0.0 |    32
         Coc:2 |       0 |     139 |   0.0 |       0 |       1 |   0.0 |    20
         Coc:3 |       0 |     897 |   0.0 |       0 |       2 |   0.0 |    16
         Coc:4 |       0 |    1305 |   0.0 |       0 |       5 |   0.0 |    47
         Coc:7 |       0 |   32326 |   0.0 |       0 |      67 |   0.0 |   566
         Tar:1 |       0 |   16646 |   0.0 |       0 |      32 |   0.0 |   183
         Tar:3 |       0 |     126 |   0.0 |       0 |       1 |   0.0 |    28
         Tar:4 |       0 |   11822 |   0.0 |       0 |      22 |   0.0 |   200
         Tar:5 |       0 |    8897 |   0.0 |       0 |      18 |   0.0 |   179
         Tar:6 |       0 |     291 |   0.0 |       0 |       1 |   0.0 |    21
         Tar:7 |       0 |  108331 |   0.0 |       0 |     169 |   0.0 |  1913
           Pan |   73039 |  194580 |  27.3 |     131 |     256 |  33.9 |  8689
         Sewer |       0 |     478 |   0.0 |       0 |      23 |   0.0 |   535
               +---------+---------+-------+---------+---------+-------+---------
